[Event "Titled Tuesday Blitz June 6 Late 2023"]
[White "Olsson, William"]
[Black "Streltsov, Alexey"]
[WhiteFideId "1741721"]
[BlackFideId "24104434"]
[WhiteElo "2197"]
[BlackElo "2563"]
[Result "0-1"]
[Round "3"]
[TimeControl "180+2"]
[Date "2023.06.07"]
[WhiteClock "0:01:00"]
[BlackClock "0:01:20"]
[Board "111"]

1. c4 e6 2. Nf3 d5 3. g3 c6 4. Bg2 Nf6 5. O-O Nbd7 6. d4 dxc4 7. Ne5 Nxe5 8. dxe5 Qxd1 9. Rxd1 Nd5 10. a4 a5 11. Na3 Bxa3 12. Rxa3 b6 13. Rd4 Ba6 14. e4 Nb4 15. Rc3 Ke7 16. Bf1 Rhd8 17. Rxd8 Rxd8 18. Bxc4 Rd1+ 19. Kg2 Bxc4 20. Rxc4 Nd3 21. Be3 Nxe5 22. Rc3 c5 23. f4 Nd3 24. Kf3 Nxb2 0-1


[Site "https://www.chess.com"]

[Event "Titled Tuesday Blitz June 6 Late 2023"]
[White "Weisz, Bryan"]
[Black "Moral Garcia, Serafin"]
[WhiteFideId "30934133"]
[BlackFideId "2201925"]
[WhiteElo "2312"]
[BlackElo "2274"]
[Result "0-1"]
[Round "3"]
[TimeControl "180+2"]
[Date "2023.06.07"]
[WhiteClock "0:00:06"]
[BlackClock "0:00:17"]
[Board "112"]

1. b4 e5 2. Bb2 Bxb4 3. Bxe5 Nf6 4. c3 Be7 5. d4 d5 6. e3 O-O 7. Nf3 Bg4 8. Nbd2 b6 9. Bd3 c5 10. c4 Nc6 11. cxd5 Nxd5 12. Qb1 h6 13. O-O cxd4 14. Bxd4 Bxf3 15. Nxf3 Nxd4 16. Nxd4 Bf6 17. Qb3 Bxd4 18. exd4 Qd6 19. Rfe1 Rad8 20. Rad1 Rfe8 21. Rxe8+ Rxe8 22. Bc4 Rd8 23. Re1 Kf8 24. Re5 Nf6 25. Bxf7 Qxd4 26. Re1 Ne4 27. Qf3 Qxf2+ 28. Qxf2 Nxf2 29. Bg6 Ng4 30. Rc1 Nf6 31. Rc7 Rd7 32. Rc3 Ke7 33. Kf2 Kd6 34. h4 Ke5 35. h5 Ne4+ 36. Bxe4 Kxe4 37. Ke2 Kf4 38. Rc4+ Kg5 39. g4 Re7+ 40. Kf3 Rf7+ 41. Kg3 Rd7 42. Re4 Rd3+ 43. Kf2 Kh4 44. Kg2 Ra3 45. Re7 Rxa2+ 46. Kf3 Ra3+ 47. Kf2 Kxg4 48. Rxg7+ Kxh5 49. Rg8 b5 50. Rb8 a6 51. Ke2 Kg5 52. Kd2 Ra4 0-1


[Site "https://www.chess.com"]

[Event "Titled Tuesday Blitz June 6 Late 2023"]
[White "Riff, Jean-Noel"]
[Black "Ward, Ieuan C"]
[WhiteFideId "611190"]
[BlackFideId "406627"]
[WhiteElo "2479"]
[BlackElo "2322"]
[Result "1-0"]
[Round "3"]
[TimeControl "180+2"]
[Date "2023.06.07"]
[WhiteClock "0:01:03"]
[BlackClock "0:00:06"]
[Board "113"]

1. e4 e5 2. Nf3 Nc6 3. Bb5 a6 4. Ba4 Nf6 5. O-O b5 6. Bb3 Be7 7. Re1 d6 8. c3 O-O 9. h3 Na5 10. Bc2 c5 11. d4 cxd4 12. cxd4 exd4 13. Nxd4 Bb7 14. Nc3 Rc8 15. a3 Re8 16. Nf5 Bf8 17. Bg5 Nc4 18. Qd4 Ne5 19. Rad1 Rc4 20. Qd2 h6 21. Bh4 Ng6 22. Bg3 Qa8 23. Bb3 Nxe4 24. Nxe4 Rcxe4 25. Rxe4 Bxe4 26. Nxd6 Bxd6 27. Qxd6 Bf5 28. Qc5 Be6 29. Bc2 Nf8 30. Bb1 Rd8 31. Re1 Qc8 32. Qb6 Rd2 33. b4 Qd8 34. Qe3 Rd1 35. Kh2 Rxe1 36. Qxe1 Qd5 37. Qe3 Qb3 38. Qxb3 Bxb3 39. Be4 Ne6 40. Bb7 Nd4 41. Bxa6 Bc4 42. Be5 Nc2 43. a4 Nxb4 44. Bxb5 Bd5 45. a5 f6 46. Bd6 Bb7 47. Bxb4 1-0


[Site "https://www.chess.com"]

[Event "Titled Tuesday Blitz June 6 Late 2023"]
[White "Keleberda, Tymur"]
[Black "Simonovic, Miroslav"]
[WhiteFideId "14174294"]
[BlackFideId "919152"]
[WhiteElo "2198"]
[BlackElo "2075"]
[Result "1-0"]
[Round "3"]
[TimeControl "180+2"]
[Date "2023.06.07"]
[WhiteClock "0:00:33"]
[BlackClock "0:00:09"]
[Board "114"]

1. e4 c5 2. Nf3 Nc6 3. Bb5 g6 4. Bxc6 dxc6 5. d3 Bg7 6. h3 e5 7. Be3 b6 8. Nbd2 Ne7 9. a3 O-O 10. b4 cxb4 11. axb4 Be6 12. Ra6 h6 13. Qa1 f5 14. Nb1 f4 15. Bd2 Qc7 16. Bc3 g5 17. Bxe5 Bxe5 18. Qxe5 Qxe5 19. Nxe5 Rfc8 20. Nc3 c5 21. b5 Rc7 22. Ke2 Kg7 23. Rha1 Nc8 24. Kd2 Kf6 25. Ng4+ Kg6 26. Nd5 Bxd5 27. exd5 Rb8 28. Ne5+ Kf5 29. Nc6 Rbb7 30. c4 Rf7 31. Re1 Nd6 32. Re5+ Kg6 33. Re6+ Rf6 34. Rxf6+ Kxf6 35. Rxa7 Rxa7 36. Nxa7 h5 37. Nc6 g4 38. hxg4 hxg4 39. Nd8 Ke5 40. Ne6 g3 41. fxg3 fxg3 42. Ke3 Nf5+ 43. Kf3 Kd6 44. Kf4 Ne7 45. Kxg3 Nxd5 46. cxd5 Kxd5 47. Kf4 Kxe6 48. Ke4 Kf6 49. Kd5 Kf5 50. Kc6 c4 51. dxc4 Ke4 52. Kxb6 Kd4 53. Kc6 Kxc4 54. b6 Kd4 55. b7 Ke3 56. b8=Q Kf2 57. Qb2+ Kg3 58. Qe2 Kf4 59. Kd5 Kg5 60. Qf3 1-0


[Site "https://www.chess.com"]

[Event "Titled Tuesday Blitz June 6 Late 2023"]
[White "Matthew_Clarke"]
[Black "Roberson, Peter T"]
[BlackFideId "412384"]
[WhiteElo "2269"]
[BlackElo "2346"]
[Result "0-1"]
[Round "3"]
[TimeControl "180+2"]
[Date "2023.06.07"]
[WhiteClock "0:00:03"]
[BlackClock "0:00:19"]
[Board "115"]

1. d4 Nf6 2. c4 e6 3. g3 c5 4. d5 exd5 5. cxd5 d6 6. Bg2 g6 7. Nc3 Bg7 8. e4 O-O 9. Nf3 b5 10. Nd2 b4 11. Ne2 a5 12. a3 Ba6 13. O-O Nbd7 14. Re1 Ne5 15. axb4 axb4 16. f4 Nd3 17. Rf1 Re8 18. Rf3 Ng4 19. Rxa6 Nxc1 20. Rxa8 Nxe2+ 21. Qxe2 Qxa8 22. h3 Bd4+ 23. Kh1 Nf6 24. Kh2 Qxd5 25. Qb5 Qa2 26. e5 dxe5 27. fxe5 Rxe5 28. Rxf6 Re1 29. Rf1 Rxf1 30. Nxf1 Qxb2 31. g4 Be5+ 32. Ng3 Qc3 33. Qe8+ Kg7 34. Bd5 Qxg3+ 0-1


[Site "https://www.chess.com"]

[Event "Titled Tuesday Blitz June 6 Late 2023"]
[White "Harish, Neeraj"]
[Black "Spata, German"]
[WhiteFideId "30958130"]
[BlackFideId "113026"]
[WhiteElo "1879"]
[BlackElo "2260"]
[Result "1-0"]
[Round "3"]
[TimeControl "180+2"]
[Date "2023.06.07"]
[WhiteClock "0:00:40"]
[BlackClock "0:00:58"]
[Board "116"]

1. e4 d5 2. exd5 Qxd5 3. Nc3 Qd8 4. d4 Nf6 5. Nf3 Bg4 6. h3 Bxf3 7. Qxf3 c6 8. Be3 e6 9. O-O-O Bb4 10. Ne2 Qd5 11. Qxd5 Nxd5 12. c3 Nxe3 13. fxe3 Bd6 14. e4 O-O 15. Ng1 c5 16. Nf3 cxd4 17. cxd4 Nc6 18. Bb5 Rac8 19. Kb1 g6 20. Rhe1 Bb4 21. Re2 a6 22. Ba4 b5 23. Bc2 Rfd8 24. a3 Ba5 25. d5 exd5 26. exd5 Nb8 27. d6 Nd7 28. Re7 Nc5 29. b4 Bb6 30. bxc5 Bxc5 31. Rc7 Bxa3 32. Bb3 Rb8 33. Rxf7 Rxd6 34. Rb7+ 1-0


[Site "https://www.chess.com"]

[Event "Titled Tuesday Blitz June 6 Late 2023"]
[White "Boder, Jan"]
[Black "Trifan, Andrei Ioan"]
[WhiteFideId "16243226"]
[BlackFideId "12967068"]
[WhiteElo "2241"]
[BlackElo "2208"]
[Result "1/2-1/2"]
[Round "3"]
[TimeControl "180+2"]
[Date "2023.06.07"]
[WhiteClock "0:00:11"]
[BlackClock "0:00:16"]
[Board "117"]

1. e4 b6 2. d4 Bb7 3. Bd3 e6 4. Qe2 Nf6 5. Nf3 Be7 6. Nc3 c5 7. O-O cxd4 8. Nxd4 Nc6 9. Ndb5 a6 10. e5 Nxe5 11. Qxe5 axb5 12. Nxb5 d6 13. Qg3 O-O 14. Bh6 Ne8 15. Rfe1 Bh4 16. Qg4 f5 17. Qh5 gxh6 18. Rxe6 Qg5 19. Qxg5+ Bxg5 20. Rae1 Ba6 21. Bc4 Bxb5 22. Bxb5 Nc7 23. Bc6 Nxe6 24. Bxa8 Rxa8 25. Rxe6 Rxa2 26. g3 Rxb2 27. Rxd6 b5 28. Rb6 b4 29. h4 Be7 30. Rb7 Bf8 31. Kg2 Rxc2 32. Kf3 Rc4 33. Ke3 h5 34. f3 Rc3+ 35. Kf4 Rc5 36. Kg5 f4+ 37. Kxf4 Bd6+ 38. Ke4 Bxg3 39. Rxb4 Bxh4 40. Ke3 Be7 41. Kf2 Kf7 42. Kg3 Rg5+ 43. Kh4 Bxb4 44. Kxg5 Be1 45. Kf4 Kg6 46. Ke3 Kg5 47. Ke2 Kh4 48. Kf1 Kg3 49. Kg1 h4 50. Kh1 Kf4 51. Kg1 Bg3 52. Kh1 h3 53. Kg1 h5 54. Kh1 h4 55. Kg1 h2+ 56. Kh1 Ke3 57. f4 Kxf4 58. Kg2 h3+ 59. Kh1 Kf3 1/2-1/2


[Site "https://www.chess.com"]

[Event "Titled Tuesday Blitz June 6 Late 2023"]
[White "Poltorak, Sebastian"]
[Black "Arias Igual, Alejandro"]
[WhiteFideId "1199498"]
[BlackFideId "2254905"]
[WhiteElo "2195"]
[BlackElo "2179"]
[Result "0-1"]
[Round "3"]
[TimeControl "180+2"]
[Date "2023.06.07"]
[WhiteClock "0:00:18"]
[BlackClock "0:01:09"]
[Board "118"]

1. Nf3 d5 2. g3 Nf6 3. Bg2 c5 4. O-O e6 5. b3 Be7 6. Bb2 O-O 7. d3 Nc6 8. Nbd2 d4 9. c3 e5 10. cxd4 exd4 11. a4 Re8 12. Nc4 Bf8 13. e3 Bg4 14. h3 Bh5 15. g4 Bg6 16. e4 a6 17. a5 Nd7 18. Qd2 f6 19. Nh4 Bf7 20. f4 b5 21. axb6 Nxb6 22. Rae1 Nxc4 23. bxc4 Rb8 24. Ba3 Rb3 25. Bc1 Qa5 26. e5 Qxd2 27. Bxd2 Nb4 28. Bxb4 cxb4 29. exf6 Rxe1 30. Rxe1 gxf6 31. Be4 a5 32. Nf3 a4 33. Ra1 a3 34. Kf1 Bc5 35. Nd2 Rb2 36. Ke1 b3 37. Kd1 Rxd2+ 38. Kxd2 b2 0-1


[Site "https://www.chess.com"]

[Event "Titled Tuesday Blitz June 6 Late 2023"]
[White "Kornyukov, Alexey"]
[Black "Machidon, Cristi"]
[WhiteFideId "4150457"]
[BlackFideId "13904590"]
[WhiteElo "2352"]
[BlackElo "2355"]
[Result "1-0"]
[Round "3"]
[TimeControl "180+2"]
[Date "2023.06.07"]
[WhiteClock "0:00:27"]
[BlackClock "0:00:03"]
[Board "119"]

1. d4 d5 2. c4 e6 3. Nc3 Be7 4. Nf3 Nf6 5. cxd5 exd5 6. Bg5 c6 7. Qc2 O-O 8. e3 Ne4 9. Bxe7 Qxe7 10. Bd3 Re8 11. h3 Nd7 12. O-O-O b5 13. Kb1 a5 14. Rc1 Nb6 15. Ne5 Bd7 16. Nxe4 dxe4 17. Bxe4 g6 18. Nxd7 Nxd7 19. Bxc6 Rec8 20. Qd3 Rab8 21. Bxd7 Qxd7 22. e4 Re8 23. d5 Re7 24. Rhe1 Rbe8 25. f4 f6 26. Rc6 Rf7 27. Qd4 Kg7 28. g4 Rd8 29. Rec1 h5 30. g5 Qxh3 31. Rxf6 Rdd7 32. f5 gxf5 33. exf5 Kf8 34. Rc8+ Kg7 35. Rg6+ Kh7 36. Rh8# 1-0


[Site "https://www.chess.com"]

[Event "Titled Tuesday Blitz June 6 Late 2023"]
[White "Molenda, Marcin"]
[Black "Cagara, Paulina"]
[WhiteFideId "1173065"]
[BlackFideId "1124870"]
[WhiteElo "2286"]
[BlackElo "1967"]
[Result "0-1"]
[Round "3"]
[TimeControl "180+2"]
[Date "2023.06.07"]
[WhiteClock "0:00:18"]
[BlackClock "0:00:06"]
[Board "120"]

1. Nf3 d5 2. g3 Nf6 3. Bg2 Bg4 4. O-O c6 5. c4 e6 6. d3 Be7 7. h3 Bh5 8. g4 Bg6 9. Ne5 Nbd7 10. Nxg6 hxg6 11. Nc3 Qc7 12. e4 d4 13. Nb1 e5 14. a3 Nh7 15. b4 Bg5 16. c5 Bf4 17. h4 g5 18. h5 Nhf6 19. Nd2 g6 20. Nc4 gxh5 21. Bxf4 gxf4 22. g5 Ng4 23. Nd6+ Ke7 24. Bh3 Rag8 25. Kg2 Rxg5 26. Kf3 Nh2+ 27. Ke2 Nxf1 28. Qxf1 Nf6 29. Qd1 Ng4 30. Qb3 Rh7 31. Rh1 Rhg7 32. Bxg4 hxg4 33. Rh8 Qd7 34. Rb8 Kf6 35. Rxb7 Qe6 36. Qxe6+ Kxe6 37. Nf5 Rxf5 38. exf5+ Kxf5 39. b5 cxb5 40. c6 Rg6 41. Rxf7+ Kg5 42. c7 Rc6 43. Re7 Kf6 44. Rd7 Rc2+ 45. Kf1 f3 46. Kg1 Kg5 47. Rf7 a5 48. Re7 Kf6 49. Rd7 b4 50. axb4 axb4 51. Kh2 b3 52. Kg3 b2 53. Rd6+ Ke7 54. Rb6 Kd7 55. Kxg4 Kxc7 56. Rb5 Kd6 57. Kxf3 Ke6 58. Rb8 Kf5 59. Rb6 Rd2 60. Kg3 Rxd3+ 61. f3 Rd2 62. Rb5 d3 63. Rb4 Rc2 64. Rb3 d2 0-1


[Site "https://www.chess.com"]

[Event "Titled Tuesday Blitz June 6 Late 2023"]
[White "Golubev, Mikhail"]
[Black "Cluke86"]
[WhiteFideId "14100983"]
[WhiteElo "2374"]
[BlackElo "2140"]
[Result "1-0"]
[Round "3"]
[TimeControl "180+2"]
[Date "2023.06.07"]
[WhiteClock "0:00:06"]
[BlackClock "0:00:02"]
[Board "121"]

1. e4 d6 2. d4 Nf6 3. Nc3 e5 4. Nf3 Nbd7 5. Bc4 Be7 6. a4 c6 7. O-O Qc7 8. Re1 h6 9. a5 g5 10. dxe5 dxe5 11. Nd2 Nf8 12. Nf1 Ne6 13. Ng3 Nf4 14. Bxf4 gxf4 15. Nf5 Bxf5 16. exf5 Rd8 17. Qf3 h5 18. Ne4 Kf8 19. Qb3 Nd5 20. f6 Bxf6 21. Bxd5 cxd5 22. Nxf6 Qc6 23. Rxe5 Qxf6 24. Rae1 b6 25. Rxd5 Kg7 26. axb6 axb6 27. c3 Rhe8 28. Rxe8 Rxe8 29. Rd1 Re2 30. Qb5 Qe5 31. Qxe5+ Rxe5 32. Kf1 f3 33. gxf3 Rb5 34. Rd2 Re5 35. Re2 Rd5 36. Ke1 Kf6 37. Rd2 Rg5 38. Ke2 Ke5 39. Rd4 Rg2 40. Rb4 Rxh2 41. Rxb6 Kf4 42. Rb4+ Kg5 43. Rb5+ Kg6 44. Rb6+ Kg5 45. Rb5+ Kg6 46. Rb4 Kg5 47. Re4 h4 48. Rg4+ Kh5 49. b4 Rh1 50. Rg8 h3 51. Rh8+ Kg5 52. Rg8+ Kf5 53. Rh8 h2 54. b5 Ke6 55. Rh6+ Kd5 56. c4+ Kxc4 57. Rh5 Rb1 58. Rxh2 Rxb5 59. Rh4+ Kc5 60. Rh5+ Kc6 61. Rxb5 Kxb5 62. f4 Kc6 63. Kf3 Kd5 64. Kg4 Ke6 65. Kg5 Ke7 66. Kf5 Ke8 67. Kf6 Kf8 68. f5 Ke8 69. Kg7 Ke7 70. f6+ Ke6 71. f3 Kf5 72. Kxf7 1-0


[Site "https://www.chess.com"]

[Event "Titled Tuesday Blitz June 6 Late 2023"]
[White "Torres Dominguez, David"]
[Black "Hajiyev, Kanan"]
[WhiteFideId "2220857"]
[BlackFideId "13404148"]
[WhiteElo "1999"]
[BlackElo "2115"]
[Result "1/2-1/2"]
[Round "3"]
[TimeControl "180+2"]
[Date "2023.06.07"]
[WhiteClock "0:00:19"]
[BlackClock "0:00:16"]
[Board "122"]

1. e4 c6 2. Nf3 d5 3. d3 a6 4. Be2 Bg4 5. O-O e6 6. Nfd2 Bxe2 7. Qxe2 Nf6 8. Nc3 Bb4 9. Nd1 O-O 10. c3 Be7 11. d4 dxe4 12. Nxe4 Nxe4 13. Qxe4 Qd5 14. Qe2 Nd7 15. Bf4 Nf6 16. Ne3 Qe4 17. Bg3 Nd5 18. Rfe1 Nxe3 19. Qxe3 Qxe3 20. Rxe3 Rfd8 21. Rd1 Bg5 22. Red3 Rd7 23. Kf1 Rad8 24. Ke2 Kf8 25. f3 h5 26. Be5 g6 27. h3 Ke7 28. Bg3 Bf6 29. Be5 Rd5 30. Bxf6+ Kxf6 31. f4 h4 32. Kf3 Kf5 33. b4 g5 34. fxg5 Kxg5 35. Ke4 Rf5 36. Ke3 a5 37. bxa5 Rxa5 38. R1d2 Rda8 39. Rf2 f5 40. Rdd2 Ra3 41. Kd3 b5 42. Rc2 b4 43. Rfe2 Kf6 44. Rf2 bxc3 45. Rxc3 Rxa2 46. Rxa2 Rxa2 47. Rxc6 Rxg2 48. d5 Rg3+ 49. Ke2 Rxh3 50. Rxe6+ Kf7 51. Rh6 Ke7 52. Rh5 f4 53. Rf5 Re3+ 54. Kf2 Re4 55. Kf3 Rd4 56. Rxf4 Rxf4+ 57. Kxf4 Kd6 58. Kg4 Kxd5 59. Kh3 Ke5 60. Kg4 h3 61. Kxh3 1/2-1/2


[Site "https://www.chess.com"]

[Event "Titled Tuesday Blitz June 6 Late 2023"]
[White "Bilan, Danila"]
[Black "Ricaurte Lopez, Juan Carlos"]
[WhiteFideId "24161918"]
[BlackFideId "3600327"]
[WhiteElo "2146"]
[BlackElo "2200"]
[Result "1-0"]
[Round "3"]
[TimeControl "180+2"]
[Date "2023.06.07"]
[WhiteClock "0:00:04"]
[BlackClock "0:00:03"]
[Board "123"]

1. d4 Nf6 2. Nf3 e6 3. g3 b6 4. Bg2 Bb7 5. O-O c5 6. c4 cxd4 7. Qxd4 Nc6 8. Qd1 d5 9. Nc3 Be7 10. cxd5 exd5 11. Bf4 O-O 12. Rc1 a6 13. Ne5 Na5 14. Qd3 b5 15. Rfd1 Nc4 16. Nxc4 bxc4 17. Qd4 Qa5 18. Nxd5 Nxd5 19. Bxd5 Bxd5 20. Qxd5 Qxa2 21. Be5 Rac8 22. Bc3 Rfd8 23. Qb7 Bf8 24. Ra1 Rxd1+ 25. Rxd1 Re8 26. Rd7 Rxe2 27. Rd8 Qb1+ 28. Kg2 Qf5 29. Qf3 Qxf3+ 30. Kxf3 1-0


[Site "https://www.chess.com"]

[Event "Titled Tuesday Blitz June 6 Late 2023"]
[White "Khandelwal, Ankush"]
[Black "dorpato"]
[WhiteFideId "413470"]
[WhiteElo "2263"]
[BlackElo "2074"]
[Result "1-0"]
[Round "3"]
[TimeControl "180+2"]
[Date "2023.06.07"]
[WhiteClock "0:00:12"]
[BlackClock "0:00:04"]
[Board "124"]

1. e4 c5 2. c3 Nf6 3. e5 Nd5 4. d4 cxd4 5. Nf3 d6 6. Qxd4 e6 7. Nbd2 Nc6 8. Bb5 Bd7 9. Bxc6 Bxc6 10. Nc4 b5 11. Nxd6+ Bxd6 12. exd6 O-O 13. Bf4 Re8 14. O-O Nxf4 15. Qxf4 Bxf3 16. gxf3 e5 17. Qb4 Re6 18. Rad1 Rg6+ 19. Kh1 Qf6 20. Qe4 Rd8 21. d7 h6 22. Rg1 Rxg1+ 23. Kxg1 Qg5+ 24. Kh1 Qe7 25. Qc6 Qh4 26. Qc7 Kh7 27. Qxe5 Qxf2 28. Qf5+ Kg8 29. Rg1 Qd2 30. Qf6 1-0


[Site "https://www.chess.com"]

[Event "Titled Tuesday Blitz June 6 Late 2023"]
[White "Eisa Mohmood, Alkhoori"]
[Black "Vovk, Orest"]
[WhiteFideId "9316116"]
[BlackFideId "14113490"]
[WhiteElo "1364"]
[BlackElo "2215"]
[Result "0-1"]
[Round "3"]
[TimeControl "180+2"]
[Date "2023.06.07"]
[WhiteClock "0:00:07"]
[BlackClock "0:00:10"]
[Board "125"]

1. e4 g5 2. d4 g4 3. Qxg4 d5 4. Qe2 dxe4 5. Qxe4 Nf6 6. Qd3 Nc6 7. Nf3 Bg4 8. Be2 Qd5 9. h3 Bf5 10. Qb3 Qxb3 11. axb3 Bxc2 12. Bf4 O-O-O 13. b4 Nd5 14. b5 Ncb4 15. Bd2 Nd3+ 16. Bxd3 Bxd3 17. Rxa7 Kb8 18. Ra1 Bxb5 19. Ne5 Be8 20. Nc3 f6 21. Nc4 Rg8 22. g4 h5 23. f3 Bf7 24. Na5 Nb4 25. Ke2 Nc2 26. Rad1 Nxd4+ 27. Kf2 e5 28. Be3 Bc5 29. Ne4 Bb6 30. b4 hxg4 31. hxg4 Rg6 32. Rh7 Bd5 33. Rdh1 Bxe4 34. fxe4 Rxg4 35. Rh8 Rxh8 36. Rxh8+ Ka7 37. Nc4 Rxe4 38. Rf8 f5 39. Nxb6 Kxb6 40. Rxf5 Kb5 41. Bxd4 Rxd4 42. Rxe5+ Kxb4 43. Ke3 Rd7 44. Re6 b5 45. Rc6 Ka5 46. Ke4 b4 47. Ke5 Kb5 48. Rc1 c5 49. Ke6 Rd2 50. Rh1 c4 51. Rh5+ Ka4 52. Rh2 c3 53. Rh8 Kb3 54. Rd8 Rxd8 55. Kf7 Rd2 56. Kg7 Kc2 57. Kf6 b3 58. Ke5 b2 59. Kf4 b1=Q 60. Ke3 Qe1+ 61. Kf3 Rf2+ 62. Kg3 Qg1+ 0-1


[Site "https://www.chess.com"]

[Event "Titled Tuesday Blitz June 6 Late 2023"]
[White "Semenova, Alina"]
[Black "Dzierzak, Radoslaw"]
[WhiteFideId "24113875"]
[BlackFideId "1161407"]
[WhiteElo "1833"]
[BlackElo "2166"]
[Result "0-1"]
[Round "3"]
[TimeControl "180+2"]
[Date "2023.06.07"]
[WhiteClock "0:00:01"]
[BlackClock "0:00:29"]
[Board "126"]

1. e4 c6 2. d4 d5 3. Nc3 dxe4 4. Nxe4 Bf5 5. Ng3 Bg6 6. h4 h6 7. Nf3 Nd7 8. h5 Bh7 9. Bd3 Bxd3 10. Qxd3 e6 11. c3 Ngf6 12. Bf4 Be7 13. Ne4 Nxe4 14. Qxe4 Nf6 15. Qd3 Qd5 16. c4 Bb4+ 17. Bd2 Bxd2+ 18. Kxd2 Qa5+ 19. Kc2 O-O 20. Ne5 b5 21. g4 bxc4 22. Qxc4 Rac8 23. Qc5 Qa6 24. Rhe1 Rfd8 25. a3 Qa4+ 26. b3 Qxd4 27. Qxd4 Rxd4 28. f3 Nd5 29. Rad1 Rxd1 30. Kxd1 c5 31. Kc2 f6 32. Ng6 Kf7 33. Kd3 Nb6 34. Kc3 c4 35. b4 Na4+ 36. Kc2 Rd8 37. Nf4 e5 38. Ne2 Rd3 39. Rf1 Rxa3 40. f4 Ra2+ 41. Kd1 Nb2+ 0-1


[Site "https://www.chess.com"]

[Event "Titled Tuesday Blitz June 6 Late 2023"]
[White "Grigoriants, Sergey"]
[Black "marik_spb"]
[WhiteFideId "4130804"]
[WhiteElo "2502"]
[BlackElo "2411"]
[Result "0-1"]
[Round "3"]
[TimeControl "180+2"]
[Date "2023.06.07"]
[WhiteClock "0:00:02"]
[BlackClock "0:00:05"]
[Board "127"]

1. d4 Nf6 2. c4 e6 3. g3 d5 4. Bg2 Be7 5. Nf3 O-O 6. Qc2 c5 7. O-O cxd4 8. Nxd4 Nc6 9. Nxc6 bxc6 10. b3 a5 11. Nc3 Ba6 12. Rd1 Qb6 13. Na4 Qc7 14. cxd5 exd5 15. Bb2 Rfe8 16. Rac1 Rac8 17. Bh3 Rcd8 18. e3 Bb5 19. Nc3 Qb8 20. Nxb5 cxb5 21. Qc7 Qxc7 22. Rxc7 h6 23. Rdc1 a4 24. Rb7 Rb8 25. Rcc7 Rxb7 26. Rxb7 axb3 27. axb3 b4 28. Bd4 Kf8 29. f3 Ra8 30. Bf5 g6 31. Bd3 Ne8 32. Rd7 Nf6 33. Bxf6 Bxf6 34. Rxd5 Ra2 35. Bc4 Bc3 36. Rd7 f5 37. f4 Ke8 38. Kf1 Kxd7 0-1


[Site "https://www.chess.com"]

[Event "Titled Tuesday Blitz June 6 Late 2023"]
[White "Sun, Rick"]
[Black "Rangel, Daniel"]
[WhiteFideId "30909481"]
[BlackFideId "2124475"]
[WhiteElo "2169"]
[BlackElo "2231"]
[Result "1-0"]
[Round "3"]
[TimeControl "180+2"]
[Date "2023.06.07"]
[WhiteClock "0:00:25"]
[BlackClock "0:00:16"]
[Board "128"]

1. e4 c5 2. Nf3 g6 3. d4 cxd4 4. Nxd4 Bg7 5. Nc3 Nc6 6. Be3 Nf6 7. Bc4 O-O 8. Bb3 Re8 9. f3 e6 10. Nxc6 bxc6 11. Qd2 d5 12. O-O-O a5 13. h4 h5 14. g4 hxg4 15. h5 Nxh5 16. fxg4 Nf6 17. Qh2 Nxg4 18. Qh7+ Kf8 19. Bc5+ Re7 20. Qh8+ Bxh8 21. Rxh8+ Kg7 22. Rxd8 Rd7 23. Re8 Bb7 24. Rxa8 Bxa8 25. Rg1 f5 26. exf5 gxf5 27. Bd4+ Kg6 28. Na4 Re7 29. Bc5 Rh7 30. c3 e5 31. Bc2 Kg5 32. Nb6 Bb7 33. Be3+ f4 34. Bxh7 fxe3 35. Nd7 Kf4 36. Nc5 Bc8 37. Rf1+ Nf2 38. Nd3+ Kg3 39. Nxe5 Ba6 40. Re1 e2 41. Kd2 Kf4 42. Nd3+ Bxd3 43. Bxd3 Kf3 44. Bxe2+ Kg3 45. Bd3 c5 46. Re3+ Kg2 47. Re2 Kf3 48. Rxf2+ Kxf2 49. Bc2 Kf3 50. Bb3 Ke4 51. Bc2+ Ke5 52. Ke3 d4+ 53. cxd4+ cxd4+ 54. Kd3 Kd5 55. Ba4 Kc5 56. a3 Kd5 57. Bb3+ Kc5 58. Bc4 a4 59. Ba2 Kb5 60. Bb1 Ka5 61. Bc2 Kb6 62. Kxd4 Kb5 63. Bd3+ Ka5 64. Kc4 Kb6 65. Kb4 Kb7 66. Kxa4 Kb8 67. Kb5 Ka8 68. a4 Kb8 69. a5 Ka8 70. Kb6 Kb8 71. Be4 Kc8 72. a6 Kd8 73. a7 Ke8 74. a8=Q+ Ke7 75. Qc6 Kd8 76. Qc7+ Ke8 77. Bg6+ Kf8 78. Qf7# 1-0


[Site "https://www.chess.com"]

[Event "Titled Tuesday Blitz June 6 Late 2023"]
[White "Van Foreest, Machteld"]
[Black "Shuvalova, Polina"]
[WhiteFideId "1051563"]
[BlackFideId "24171760"]
[WhiteElo "2018"]
[BlackElo "2281"]
[Result "0-1"]
[Round "3"]
[TimeControl "180+2"]
[Date "2023.06.07"]
[WhiteClock "0:00:01"]
[BlackClock "0:00:30"]
[Board "129"]

1. e4 c6 2. Nf3 d5 3. Nc3 Bg4 4. h3 Bxf3 5. Qxf3 e6 6. d4 Nd7 7. Bd3 dxe4 8. Nxe4 Ngf6 9. Bg5 Be7 10. O-O-O Nxe4 11. Bxe7 Qxe7 12. Bxe4 Nf6 13. Bxc6+ Nd7 14. Bxb7 Rb8 15. Be4 O-O 16. h4 Nf6 17. c3 a5 18. Bc2 Rfc8 19. h5 h6 20. g4 Nd5 21. Qd3 Qg5+ 22. Qd2 Qf6 23. Rhg1 Nf4 24. Kb1 Rc7 25. Rg3 Nd5 26. Ka1 Rcb7 27. b3 a4 28. g5 hxg5 29. Rxg5 axb3 30. Bxb3 Nxc3 31. Rdg1 Ne4 32. Rxg7+ Kf8 33. Qe3 Nd6 34. h6 Nf5 35. h7 Ke7 36. Qe5 Qxe5 37. dxe5 Nxg7 38. Rxg7 Rh8 39. Bc2 Rc7 40. Bb1 Kf8 41. Rg3 Rc5 42. Rb3 Rxe5 43. a4 Ra5 44. Ra3 f5 45. Kb2 Rxh7 46. Kc3 Rc7+ 47. Kb4 Rca7 48. Bd3 Rd5 49. Bb5 Ke7 50. Rc3 Rd4+ 51. Kc5 Rf4 52. Kb6 Raxa4 53. Bxa4 Rxa4 54. f3 Rd4 55. Kc5 Rd1 56. Kc4 Kf6 57. Kb3 Ke5 58. Kc2 Rd6 59. Re3+ Kf4 60. Rc3 Rd4 61. Rc6 e5 62. Rc5 Rd6 63. Rc3 Rh6 64. Kd2 Rh2+ 65. Ke1 Rh3 66. Rc4+ Kxf3 67. Rc3+ Kg4 68. Rc5 e4 69. Rc2 Ra3 0-1


[Site "https://www.chess.com"]

[Event "Titled Tuesday Blitz June 6 Late 2023"]
[White "Krsnik Cohar, Ivan Vihor"]
[Black "Hoffmann, Asa"]
[WhiteFideId "14520044"]
[BlackFideId "2001470"]
[WhiteElo "2414"]
[BlackElo "2117"]
[Result "1-0"]
[Round "3"]
[TimeControl "180+2"]
[Date "2023.06.07"]
[WhiteClock "0:00:05"]
[BlackClock "0:00:54"]
[Board "130"]

1. e4 d6 2. Nf3 Bg4 3. Bc4 e6 4. d4 Nf6 5. Nc3 c6 6. O-O d5 7. exd5 cxd5 8. Bb5+ Nc6 9. h3 Bh5 10. g4 Bg6 11. Ne5 Rc8 12. f4 Bb4 13. Qf3 O-O 14. Bxc6 bxc6 15. f5 exf5 16. gxf5 Bh5 17. Qg3 Kh8 18. Qh4 Bxc3 19. bxc3 Be2 20. Re1 Ba6 21. Ba3 Ne4 22. Qxd8 Rcxd8 23. Nxc6 Rfe8 24. Nxd8 Rxd8 25. Bc5 Bc8 26. c4 Bxf5 27. cxd5 Rxd5 28. Bxa7 h5 29. a3 Ng5 30. Re8+ Kh7 31. a4 Nxh3+ 32. Kh2 Ng5 33. a5 Bxc2 34. a6 Rf5 35. Re2 Be4 36. Rxe4 Nxe4 37. Bb8 Rf2+ 38. Kg1 Rf6 39. a7 Rg6+ 40. Kh2 Nf6 41. a8=Q Ng4+ 42. Kg3 Nf6+ 43. Kf3 Ng4 44. Qe4 Nf6 45. Qf5 Kh6 46. Be5 Rg5 47. Bf4 Nh7 48. Bxg5+ Nxg5+ 49. Ke2 f6 50. d5 h4 51. Rg1 h3 52. Rxg5 fxg5 53. Qxh3+ Kg6 54. Qg4 Kf6 55. d6 Kf7 56. Qf5+ Ke8 57. Qe6+ Kf8 58. d7 1-0


[Site "https://www.chess.com"]

[Event "Titled Tuesday Blitz June 6 Late 2023"]
[White "Sairam, Pranav"]
[Black "Camilla_Lee"]
[WhiteFideId "30951330"]
[WhiteElo "1918"]
[BlackElo "2487"]
[Result "0-1"]
[Round "3"]
[TimeControl "180+2"]
[Date "2023.06.07"]
[WhiteClock "0:00:02"]
[BlackClock "0:00:35"]
[Board "131"]

1. e4 e5 2. Nf3 Nc6 3. Bb5 f5 4. Bxc6 dxc6 5. exf5 e4 6. Qe2 Qe7 7. Nd4 Qe5 8. Ne6 Bxe6 9. fxe6 Qxe6 10. Nc3 Nf6 11. d3 Bb4 12. Bd2 Bxc3 13. Bxc3 O-O 14. O-O Rae8 15. Rae1 Qxa2 16. Ra1 Qf7 17. Rxa7 exd3 18. Qxd3 b5 19. Bxf6 Qxf6 20. Rxc7 Rd8 21. Rd7 Rde8 22. Rd6 Qxb2 23. Rxc6 Qe5 24. Rb6 Rf5 25. h3 Ref8 26. Qb3+ Kh8 27. Re6 Qc5 28. Re2 h6 29. Qg3 b4 30. Qe3 Qc6 31. Qd4 Rg5 32. f4 Rb5 33. f5 Rbxf5 0-1


[Site "https://www.chess.com"]